 Dungeon Crawl Stone Soup version 0.29.1-15-g9cfb28693d (webtiles) character file.

Game seed: 11127417243141001404

20 Heoruswealwe the Grave Robber (level 2, 15/15 HPs)
             Began as a Deep Elf Necromancer on Mar 20, 2023.
             Got out of the dungeon alive.
             The game lasted 00:09:56 (937 turns).

Heoruswealwe the Grave Robber (Deep Elf Necromancer) Turns: 937, Time: 00:09:57

Health: 15/15      AC:  4    Str:  4    XL:     2   Next: 58%
Magic:  8/8        EV: 12    Int: 23    God:
Gold:   27         SH:  0    Dex: 14    Spells: 7/8 levels left

rFire   . . .      SeeInvis .   i - +0 long sword
rCold   . . .      Faith    .   (no shield)
rNeg    . . .      Spirit   .   a - +0 robe
rPois   .          Reflect  .   (no helmet)
rElec   .          Harm     .   (no cloak)
rCorr   .          Rampage  .   (no gloves)
Will    .....                   (no boots)
Stlth   ++........              (no amulet)
HPRegen 0.05/turn               (no ring)
MPRegen 0.11/turn               (no ring)

@: no status effects
A: iridescent scales 1, clever 1, MP-powered wands
a: no special abilities


You escaped.
You visited 1 branch of the dungeon, and saw 1 of its levels.

You collected 27 gold pieces.

Inventory:

Hand Weapons
 e - a +0 hand axe
 i - a +0 long sword (weapon)
Armour
 a - a +0 robe (worn)
Scrolls
 c - a scroll of amnesia
 d - 2 scrolls of identify
Potions
 b - a potion of magic


   Skills:
 - Level 2.4 Dodging
 - Level 2.4 Stealth
 + Level 3.8 Spellcasting
 + Level 5.3 Necromancy


You had 7 spell levels left.
You knew the following spells:

 Your Spells              Type           Power      Damage    Failure   Level
a - Necrotise             Necr           100%       1d9       1%          1

Your spell library contained the following spells:

 Spells                   Type           Power      Damage    Failure   Level
 Vampiric Draining        Necr           28%        2d8       3%          3
 Animate Dead             Necr           28%        N/A       12%         4
 Agony                    Necr           28%        N/A       32%         5


Dungeon Overview and Level Annotations

Branches:
Dungeon (1/15)

Altars:


Innate Abilities, Weirdness & Mutations

You are partially covered in iridescent scales. (AC +2)
Your mind is acute. (Int +4, Str/Dex -1)
You expend magic power (3 MP) to strengthen your wands.


Message History

There is an open door here.
There is an open door here.
Found a long sword.
You see here a +0 long sword.
i - a +0 long sword
i - a +0 long sword (weapon)
Done exploring.
Search for what [? for help]? .
As you read the scroll labelled NOERIPHOHIU, it crumbles to dust.
It is a scroll of identify.
c - a scroll of amnesia
As you read the scroll of identify, it crumbles to dust.
f - 2 scrolls of fog
As you read the scroll of identify, it crumbles to dust.
g - a scroll of poison You drop 2 scrolls of fog.
You drop a scroll of poison.
As you read the scroll of identify, it crumbles to dust.
h - a potion of mutation Really quaff the potion of mutation?
You feel extremely strange.
Iridescent scales grow over part of your body.
You feel clever.
You feel your magical essence link to the dungeon's wands.
Sorry, you're not good enough to have a special ability.
Done exploring.
Search for what [Enter for "."]? .
Okay, then.
There is an open door here.
There is an open door here.
Saving game... please wait.
Welcome back, Heoruswealwe the Deep Elf Necromancer.
Press ? for a list of commands and other information.
Unknown command.
There is an open door here.
There is an open door here.
There is an open door here.
There is a staircase leading out of the dungeon here.
Are you sure you want to leave the Dungeon?
This will make you lose the game!
You have escaped!

#####.......##########...........
............# ###.........
####.######## #####..... # #.#
###### ###### #####..... #
#.###....####....####......... #
#.##......##......##..........
####.##..##..##..##..##..###.....
...#.##..##..#....#..##..# #.....
...#.##..##..#..@.#..##..# #.....
#..#.##..##..##..##..##..# #.....
...#.....##......##......# #.....
#.##....####....####....## #.....
.....#### ###### ###### #.....
.....################## ####..
....#......#..........# #..
..####.#.#.#.########'#########..
.......#'#'#.................####


There were no monsters in sight!

Vanquished Creatures
  A ball python (D:1)
  A giant cockroach (D:1)
  A goblin (D:1)
  3 hobgoblins (D:1)
  2 jackals (D:1)
  4 kobolds (D:1)
  3 bats (D:1)
  2 frilled lizards (D:1)
17 creatures vanquished.

Vanquished Creatures (collateral kills)
  An endoplasm (D:1)
1 creature vanquished.

Grand Total: 18 creatures vanquished

Notes
Turn   | Place    | Note
-------+----------+-------------------------------------------
     0 | D:1      | Heoruswealwe the Deep Elf Necromancer began the quest for
                  | the Orb.
     0 | D:1      | Reached XP level 1. HP: 10/10 MP: 6/6
    80 | D:1      | Reached skill level 5 in Necromancy
   294 | D:1      | Reached XP level 2. HP: 15/15 MP: 5/8
   868 | D:1      | Gained mutation: You are partially covered in iridescent
                  | scales. (AC +2) [potion of mutation]
   868 | D:1      | Gained mutation: Your mind is acute. (Int +4, Str/Dex -1)
                  | [potion of mutation]
   868 | D:1      | Gained mutation: You expend magic power (3 MP) to
                  | strengthen your wands. [potion of mutation]
   937 | D:$      | Got out of the dungeon alive.

Illustrated notes

Levels and vault maps discovered:
D:1:      minmay_arrival_wavy_path, layout_basic, minmay_tripent

Skill      XL: |  1 |
---------------+----+-----
Necromancy     | 5 |  5.3
Dodging        | |  2.4
Stealth        | |  2.4
Spellcasting   | |  3.8

Action                   || total
-------------------------++-------
 Cast: Necrotise         ||    24
  Use: Scroll            ||     4
       Potion            ||     1
Dodge: Dodged            ||     2
